 Dungeon Crawl Stone Soup version 0.20-a0-1122-gb7cbeb9 (webtiles) character file.

11915 grindst0ne the Grappler (level 11, 0/115 HPs)
             Began as a Troll Monk on May 12, 2017.
             Was the Champion of Okawaru.
             Slain by an unseen horror (11 damage)
             ... on level 10 of the Dungeon.
             The game lasted 00:20:50 (7388 turns).

grindst0ne the Grappler (Troll Monk)                Turns: 7388, Time: 00:20:51

Health: 0/115      AC:  7    Str: 21    XL:     11   Next: 55%
Magic:  10/10      EV: 11    Int:  6    God:    Okawaru [******]
Gold:   38         SH:  0    Dex: 15    Spells: 10/10 levels left

rFire    + . .     SeeInvis .     - Unarmed
rCold    + . .     Gourm    +   (no shield)
rNeg     . . .     Faith    .   B - +2 robe {rC+ rF+}
rPois    .         Spirit   .   (helmet restricted)
rElec    .         Reflect  .   H - scarf {repulsion}
rCorr    .         Harm     .   (gloves unavailable)
MR       +....                  (boots unavailable)
Stlth    ++........             (no amulet)
Regen    0.7/turn               (no ring)
MPRegen  0.2/turn               (no ring)

@: repel missiles
A: unfitting armour, claws 3, deterioration 1, fast metabolism 3, gourmand,
magic resistance 1, regeneration 1, shaggy fur 1, tough skin 2
a: Heroism, Finesse, Renounce Religion


You were on level 10 of the Dungeon.
You worshipped Okawaru.
Okawaru was exalted by your worship.
You were completely stuffed.

You visited 1 branch of the dungeon, and saw 10 of its levels.

You collected 526 gold pieces.
You spent 488 gold pieces at shops.

Inventory:

Hand Weapons
 s - a +3 rapier of freezing
 G - the +1 hunting sling of the Evening {flame, rF+ rC+++ SInv}
   (Okawaru gifted it to you on level 8 of the Dungeon)

   It causes projectiles fired from it to burn those they strike, causing extra
   injury to most foes and up to half again as much damage against particularly
   susceptible opponents.
   It protects you from fire.
   It renders you almost immune to cold.
   It lets you see invisible.
Missiles
 m - 2 javelins of returning (quivered)
 t - 8 silver javelins
 J - 3 tomahawks
Armour
 a - a +0 robe
 x - a +1 cloak
 z - a +2 robe of resistance
 B - a +2 robe of resistance (worn)
 H - a scarf of repulsion (worn)
Wands
 q - a wand of clouds (4/9)
 y - a wand of acid (13/15)
 F - a wand of digging (10/24)
 K - a wand of lightning (3/15)
Scrolls
 c - a scroll of holy word {unknown}
 d - 4 scrolls of teleportation
 e - 3 scrolls of blinking
 j - 7 scrolls of remove curse
 o - 3 scrolls of enchant armour
 p - a scroll of magic mapping
 w - 2 scrolls of amnesia
 I - a scroll of random uselessness {unknown}
Potions
 g - 2 potions of might
 h - a potion of flight
 i - 2 potions of brilliance
 k - 3 potions of lignification
 l - a potion of heal wounds
 r - a potion of curing
 A - a potion of agility {unknown}
Books
 D - a book of Flames

   Spells                             Type                      Level
   a - Flame Tongue                   Conjuration/Fire             1
   b - Throw Flame                    Conjuration/Fire             2
   c - Conjure Flame                  Conjuration/Fire             3
   d - Inner Flame                    Hexes/Fire                   3
   e - Sticky Flame                   Conjuration/Fire             4
   f - Fireball                       Conjuration/Fire             5
Miscellaneous
 v - a box of beasts
Comestibles
 b - 8 bread rations
 f - 2 royal jellies
 n - 10 fruits
 u - 5 chunks of flesh
 C - 4 meat rations


   Skills:
 + Level 9.4 Fighting
 - Level 2.4 Dodging
 - Level 1.0 Stealth
 * Level 14.7 Unarmed Combat


You had 10 spell levels left.
You didn't know any spells.

Dungeon Overview and Level Annotations

Branches:
Dungeon (10/15)            Temple (0/1) D:7
   Lair: D:8-11         Orc: D:9-12

Altars:
Cheibriados
Dithmenos
Kikubaaqudgha
Okawaru
Vehumet

Shops:
D:6 ?   D:9 ?

Annotations:
D:4 2 runed doors
D:5 Prince Ribbit


Innate Abilities, Weirdness & Mutations

You are too large for most types of armour.
You have claws for hands.
Your metabolism is lightning-fast.
You like to eat raw meat.
Your natural rate of healing is unusually fast.
You are covered in fur. (AC +1)
You have very tough skin. (AC +2)
Your body sometimes deteriorates upon taking damage.
You are resistant to hostile enchantments. (MR+)


Message History

You start resting.
Something hits you but does no damage. Something hits you. Something hits you.
You mangle something!! Something hits you!
* * * LOW HITPOINT WARNING * * *
Something hits you!
* * * LOW HITPOINT WARNING * * *
Something hits you but does no damage. Something hits you.
* * * LOW HITPOINT WARNING * * *
Something hits you.
* * * LOW HITPOINT WARNING * * *
Something completely misses you. Something hits you.
* * * LOW HITPOINT WARNING * * *
Something hits you.
* * * LOW HITPOINT WARNING * * *
Something hits you.
* * * LOW HITPOINT WARNING * * *
Something hits you!
You die...

#...# #...# #...# #>..# #...#
#...########
#######...#########.....†.....
.................>............
...................#######..##
######.............# #..#
#.............# #..#
#....)..@.....# #..#
#.......(.....#######..#
...........(.(...........#
##########################


There were no monsters in sight!

Vanquished Creatures
  4 two-headed ogres
  Erica (D:8)
  Pikel (D:5)
  Maurice (D:8)
  Psyche (D:8)
  2 hippogriffs
  Sigmund (D:4)
  7 yaks
  The ghost of HAL9000 the Chucker, an amateur OgHu (D:4)
  2 hogs (D:7)
  A wyvern (D:8)
  A hungry ghost (D:8)
  Edmund (D:5)
  An orc warrior (D:8)
  3 ice beasts
  2 sky beasts
  2 slaves (D:5)
  7 black bears
  A necrophage (D:9)
  5 ogres
  A phantom (D:4)
  7 centaurs
  A crocodile (D:7)
  Blork the orc (D:5)
  8 bullfrogs
  A water moccasin skeleton (D:7)
  2 scorpions (D:6)
  10 killer bees
  2 howler monkeys (D:4)
  8 wights
  2 crimson imps
  Crazy Yiuf (D:5)
  A quasit (D:8)
  2 centaur skeletons
  A jelly (D:8)
  7 orc priests
  8 hounds
  8 orc wizards
  2 bullfrog skeletons
  3 iguanas
  A worker ant (D:9)
  A hound zombie (D:8)
  A mummy (D:5)
  2 worker ant zombies
  5 gnolls
  7 adders
  2 shadow imps
  3 oozes
  3 adder zombies
  5 worms
  A dart slug (D:2)
  3 leopard geckos
  19 orcs
  8 bats
  2 giant cockroaches
  7 goblins
  6 hobgoblins
  3 jackals
  9 kobolds
  9 quokkas
  2 frilled lizards
  3 rats
223 creatures vanquished.

Vanquished Creatures (others)
  2 slaves (D:5)
  A human (D:9)
  An orc (D:9)
4 creatures vanquished.

Grand Total: 227 creatures vanquished

Notes
Turn   | Place    | Note
-------+----------+-------------------------------------------
     0 | D:1      | grindst0ne the Troll Monk began the quest for the Orb.
     0 | D:1      | Reached XP level 1. HP: 22/22 MP: 0/0
   133 | D:1      | Reached XP level 2. HP: 22/29 MP: 1/1
   468 | D:1      | Reached XP level 3. HP: 34/36 MP: 2/2
   504 | D:1      | Reached skill level 4 in Unarmed Combat
   746 | D:2      | Reached XP level 4. HP: 41/44 MP: 3/3
   799 | D:2      | Found a radiant altar of Vehumet.
   983 | D:2      | Found an iron altar of Okawaru.
  1010 | D:2      | Became a worshipper of Warmaster Okawaru
  1010 | D:2      | Reached * piety under Okawaru
  1010 | D:2      | Reached ** piety under Okawaru
  1384 | D:3      | Reached skill level 5 in Unarmed Combat
  1443 | D:3      | Reached XP level 5. HP: 53/53 MP: 4/4
  1919 | D:4      | Noticed an ogre
  1929 | D:4      | Killed an ogre
  2022 | D:4      | Reached XP level 6. HP: 61/61 MP: 5/5
  2101 | D:4      | Found a large runed door.
  2101 | D:4      | Found a large runed door.
  2131 | D:4      | Found a large runed door.
  2131 | D:4      | Found a large runed door.
  2134 | D:4      | Reached skill level 6 in Unarmed Combat
  2187 | D:4      | Noticed HAL9000's ghost (amateur OgHu)
  2216 | D:4      | Killed HAL9000's ghost
  2216 | D:4      | Reached XP level 7. HP: 43/70 MP: 3/6
  2217 | D:4      | Reached skill level 7 in Unarmed Combat
  2375 | D:4      | Noticed Sigmund
  2386 | D:4      | Killed Sigmund
  2386 | D:4      | Reached *** piety under Okawaru
  2638 | D:4      | Noticed a yak
  2645 | D:4      | Killed a yak
  2645 | D:4      | Reached skill level 8 in Unarmed Combat
  2731 | D:4      | Reached skill level 5 in Fighting
  2731 | D:4      | Reached XP level 8. HP: 43/80 MP: 4/7
  2851 | D:5      | Entered Level 5 of the Dungeon
  3073 | D:5      | You fall through a shaft for 2 floors!
  3096 | D:7      | Reached skill level 9 in Unarmed Combat
  3140 | D:6      | Found Xor Oza's Magic Scroll Shop.
  3174 | D:5      | Noticed Edmund
  3176 | D:5      | Noticed Pikel
  3186 | D:5      | Reached **** piety under Okawaru
  3206 | D:5      | Killed Edmund
  3206 | D:5      | Received a gift from Okawaru
  3282 | D:5      | Killed Pikel
  3282 | D:5      | Reached skill level 10 in Unarmed Combat
  3282 | D:5      | Reached XP level 9. HP: 63/89 MP: 8/8
  3532 | D:5      | Found a runed door.
  3568 | D:5      | Noticed Prince Ribbit
  3587 | D:5      | Found a snail-covered altar of Cheibriados.
  3620 | D:5      | Noticed Blork the orc
  3633 | D:5      | Killed Blork the orc
  3864 | D:5      | Noticed Crazy Yiuf
  3870 | D:5      | Killed Crazy Yiuf
  3997 | D:6      | Found a shadowy altar of Dithmenos.
  4091 | D:6      | Bought a scroll of remove curse for 39 gold pieces
  4091 | D:6      | Bought a scroll of blinking for 97 gold pieces
  4091 | D:6      | Bought a scroll of teleportation for 39 gold pieces
  4417 | D:6      | Reached ***** piety under Okawaru
  4417 | D:6      | Reached skill level 11 in Unarmed Combat
  4659 | D:7      | Received a gift from Okawaru
  4670 | D:7      | Found a huge runed gate.
  4670 | D:7      | Found a huge runed gate.
  4779 | D:7      | Found a huge runed gate.
  4779 | D:7      | Found a huge runed gate.
  4870 | D:7      | Found a staircase to the Ecumenical Temple.
  5186 | D:7      | Reached skill level 12 in Unarmed Combat
  5186 | D:7      | Reached XP level 10. HP: 59/102 MP: 6/9
  5573 | D:8      | Noticed Maurice
  5577 | D:8      | Killed Maurice
  5577 | D:8      | Reached skill level 13 in Unarmed Combat
  5654 | D:8      | Received a gift from Okawaru
  5673 | D:8      | Got a faintly glowing hunting sling {god gift}
  5680 | D:8      | Identified the +1 hunting sling of the Evening {flame, rF+ rC+++ SInv} (Okawaru gifted it to you on level 8 of the Dungeon)
  5717 | D:8      | Noticed a two-headed ogre
  5724 | D:8      | Killed a two-headed ogre
  5816 | D:8      | Noticed Psyche
  5824 | D:8      | Killed Psyche
  5894 | D:8      | Reached XP level 11. HP: 90/113 MP: 10/10
  6026 | D:8      | Noticed a two-headed ogre
  6036 | D:8      | Killed a two-headed ogre
  6114 | D:8      | Reached skill level 14 in Unarmed Combat
  6425 | D:8      | Noticed Erica
  6435 | D:8      | Killed Erica
  6452 | D:9      | Noticed a two-headed ogre
  6454 | D:9      | Killed a two-headed ogre
  6565 | D:9      | Reached ****** piety under Okawaru
  6838 | D:9      | Found an ancient bone altar of Kikubaaqudgha.
  6855 | D:9      | Gained mutation: You possess an exceptional clarity of mind. [potion of mutation]
  6855 | D:9      | Gained mutation: You can translocate small distances at will. [potion of mutation]
  6855 | D:9      | Gained mutation: Your mind is acute. (Int +2) [potion of mutation]
  6917 | D:9      | Lost mutation: Your mind is acute. (Int +2) [potion of mutation]
  6917 | D:9      | Lost mutation: You can translocate small distances at will. [potion of mutation]
  6917 | D:9      | Lost mutation: You possess an exceptional clarity of mind. [potion of mutation]
  6917 | D:9      | Gained mutation: Scrolls take you a little longer to read. [potion of mutation]
  6917 | D:9      | Gained mutation: Your system is resistant to poisons. (rPois) [potion of mutation]
  6943 | D:9      | Found Kak Jer's Magic Scroll Emporium.
  6948 | D:9      | Bought a scroll of blinking for 127 gold pieces
  6948 | D:9      | Bought a scroll of enchant armour for 127 gold pieces
  6948 | D:9      | Bought a scroll of magic mapping for 59 gold pieces
  7032 | D:9      | Noticed a two-headed ogre
  7041 | D:9      | Killed a two-headed ogre
  7229 | D:10     | Entered Level 10 of the Dungeon
  7243 | D:10     | Lost mutation: Your system is resistant to poisons. (rPois) [potion of mutation]
  7243 | D:10     | Lost mutation: Scrolls take you a little longer to read. [potion of mutation]
  7243 | D:10     | Gained mutation: Your body sometimes deteriorates upon taking damage. [potion of mutation]
  7243 | D:10     | Gained mutation: You are resistant to hostile enchantments. (MR+) [potion of mutation]
  7388 | D:10     | Slain by an unseen horror

Vault maps used:
D:1:      dpeg_arrival_simpleton_a
D:2:      lemuel_doored_altar, okawaru_trees_1
D:3:      minmay_wonky_spiral, minivault_4, serial_park_tiny_2,
          grunt_ministairs_15
D:4:      nicolae_overflow_hidden_temple, minmay_hollow_rounded_squares,
          uniq_sigmund
D:5:      slow_altar_1, first_bread, supply_closet_lemuel, minmay_misc_feat_chi,
          fountainhead, minmay_tree_intersection, minmay_misc_feat_tower,
          nrook_mini_backslash, uniq_crazy_yiuf_cottage, uniq_pikel,
          uniq_blork_the_orc, uniq_edmund, uniq_prince_ribbit1
D:6:      serial_shops, shop, grunt_ministairs_9,
          nicolae_dithmenos_shadow_blocks
D:7:      lemuel_bear_cage, minmay_temple_entry_purple_smoke
D:8:      uniq_maurice, uniq_erica, uniq_psyche
D:9:      serial_shops, nicolae_shop_trees, grunt_ogre_cave, tgw_kikubaaqudgha
D:10:     wad_arrow_thing

Skill      XL: |  1  2  3  4  5  6  7  8  9 10 11 |
---------------+----------------------------------+-----
Unarmed Combat | 4 5 6 8 10 12 13 14 | 14.7
Fighting       | 3 4 5 6 7 8 9 |  9.4
Dodging        | |  2.4
Stealth        | |  1.0

Action                   |  1- 3 |  4- 6 |  7- 9 | 10-12 || total
-------------------------+-------+-------+-------+-------++-------
Melee: Unarmed           |    52 |   113 |   235 |   241 ||   641
       Punch             |     1 |     4 |    10 |    15 ||    30
Invok: Heroism           |       |     1 |     3 |     3 ||     7
  Use: Scroll            |       |       |     9 |     8 ||    17
       Potion            |       |       |       |     4 ||     4
 Stab: Sleeping          |       |     1 |     2 |     4 ||     7
       Distracted        |       |       |     2 |     3 ||     5
  Eat: Chunk             |    12 |    13 |    24 |    34 ||    83
Armor: Robe              |    17 |    23 |    63 |   105 ||   208
Dodge: Dodged            |    30 |    53 |   107 |   167 ||   357
       Deflected         |       |       |       |     4 ||     4
